 Dungeon Crawl Stone Soup version 0.18.1-47-g9310371 (webtiles) character file.

11153 spiff the Cleaver (level 11, -7/108 HPs)
             Began as a Deep Dwarf Fighter on June 18, 2016.
             Was a High Priest of Makhleb.
             Shot with an arrow by a centaur warrior (23 damage)
             ... on level 11 of the Dungeon.
             The game lasted 00:27:23 (8454 turns).

spiff the Cleaver (Deep Dwarf Fighter)              Turns: 8454, Time: 00:27:23

Health: -7/108     AC: 10    Str: 21    XL:     11   Next: 45%
Magic:  17/17      EV: 15    Int:  9    God:    Makhleb [*****.]
Gold:   984        SH:  0    Dex: 12    Spells: 0 memorised, 10 levels left

rFire  + + .     SeeInvis .     p - +1 battleaxe
rCold  + . .     Gourm    .     b - +0 scale mail
rNeg   . . .     Faith    .     (shield currently unavailable)
rPois  .         Spirit   .     (no helmet)
rElec  +         Dismiss  .     z - +0 cloak
rCorr  .         Reflect  .     k - +1 pair of gloves
SustAt +         Harm     .     (no boots)
MR     +....                    H - amulet of rage
Stlth  ..........               F - ring of protection from cold
                                Q - ring of Defoni {SustAt rElec rF++ MP+9 Str-2}

@: non-regenerating, somewhat resistant to hostile enchantments, extremely
unstealthy
A: damage resistance, recharge devices, sense surroundings 2, slow regeneration
3
a: Device Recharging, Minor Destruction, Lesser Servant of Makhleb, Major
Destruction, Greater Servant of Makhleb, Renounce Religion, Evoke Berserk Rage


You were on level 11 of the Dungeon.
You worshipped Makhleb.
Makhleb was extremely pleased with you.
You were very hungry.

You visited 2 branches of the dungeon, and saw 12 of its levels.
You also visited: Ossuary.

You collected 984 gold pieces.

Inventory:

Hand Weapons
 p - a +1 battleaxe (weapon)
 Y - a +0 blowgun
Missiles
 i - 107 poisoned needles
 l - 103 bolts
 G - 10 tomahawks (quivered)
Armour
 b - a +0 scale mail (worn)
 k - a +1 pair of gloves (worn)
 z - a +0 cloak (worn)
Magical Staves
 Z - an uncursed staff of earth
Jewellery
 m - an uncursed ring of wizardry
 F - a ring of protection from cold (right hand)
 H - an amulet of rage (around neck)
 Q - the ring of Defoni (left hand) {SustAt rElec rF++ MP+9 Str-2}
   (You found it on level 9 of the Dungeon)

   [ring of sustain attributes]

   It sustains your strength, intelligence and dexterity.
   It affects your strength (-2).
   It greatly protects you from fire.
   It insulates you from electricity.
   It affects your magic capacity (+9).
Wands
 c - a wand of disintegration (0/24)
 e - a wand of heal wounds (2/9)
 n - a wand of teleportation (1/9)
 x - a wand of iceblast (0/15)
 P - a wand of lightning (0/15)
 S - a wand of lightning (8/15)
 V - a wand of lightning (7/15)
Scrolls
 a - a scroll of fog
 d - 6 scrolls of identify
 h - a scroll of fear
 o - 4 scrolls of remove curse
 q - a scroll of amnesia
 t - 2 scrolls of blinking
 w - 2 scrolls of enchant armour
 B - 4 scrolls of teleportation
 N - a scroll of magic mapping {unknown}
 U - a scroll of silence {unknown}
Potions
 r - a potion of cancellation
 v - 2 potions of brilliance
 A - 3 potions of agility
 C - a potion of berserk rage {unknown}
 D - 4 potions of curing {unknown}
 E - a potion of heal wounds {unknown}
 L - a potion of flight {unknown}
 X - a potion of lignification {unknown}
Books
 I - a book of Necromancy

   Spells                             Type                      Level
   a - Pain                           Necromancy                   1
   b - Animate Skeleton               Necromancy                   1
   c - Vampiric Draining              Necromancy                   3
   d - Regeneration                   Charms/Necromancy            3
   e - Animate Dead                   Necromancy                   4
   f - Control Undead                 Necromancy                   4
 O - Qeb Uwiv's Tome of Intoxication
   (You found it on level 8 of the Dungeon)

   Spells                             Type                      Level
   a - Sting                          Conjuration/Poison           1
   b - Mephitic Cloud                 Conjuration/Poison/Air       3
   c - Ignite Poison                  Fire/Transmutation/Poison    3
   d - Spider Form                    Transmutation/Poison         3
   e - Poisonous Cloud                Conjuration/Poison/Air       6
 T - a book of Ice

   Spells                             Type                      Level
   a - Ice Form                       Ice/Transmutation            4
   b - Metabolic Englaciation         Hexes/Ice                    5
   c - Ozocubu's Refrigeration        Ice                          6
   d - Bolt of Cold                   Conjuration/Ice              6
   e - Freezing Cloud                 Conjuration/Ice/Air          6
   f - Simulacrum                     Ice/Necromancy               6
Comestibles
 f - 6 bread rations
 g - 2 royal jellies
 j - 8 fruits
 s - 6 meat rations
 u - 7 beef jerkies
 K - 8 slices of pizza


   Skills:
 - Level 10.0 Fighting
 + Level 11.4 Axes
 - Level 5.2 Armour
 - Level 11.0 Dodging
   Level 3.2 Shields


You had 10 spell levels left.
You didn't know any spells.

Dungeon Overview and Level Annotations

Branches:
Dungeon (11/15)            Temple (1/1) D:5            Lair (0/8) D:10
    Orc: D:9-12

Altars:
Ashenzari
Cheibriados
Elyvilon
Makhleb
Nemelex Xobeh
Pakellas
Qazlal
Xom
Zin

Shops:
D:10 [


Innate Abilities, Weirdness & Mutations

You are resistant to damage.
You can recharge devices by infusing magical energy.
You passively map the area around you.
You do not regenerate naturally.


Message History

The arrow hits you.
* * * LOW HITPOINT WARNING * * *
You see here an arrow.
The centaur warrior shoots an arrow.
Your hellwing blocks the arrow.
Your hellwing hits the centaur warrior! Your hellwing hits the centaur warrior.
The centaur warrior unwields an uncursed shortbow.
Your hellwing blocks the centaur warrior's attack.
Your hellwing's corpse armour sloughs away.
Something hits your hellwing.
Your hellwing closely misses the centaur warrior.
Your hellwing hits the centaur warrior! The centaur warrior hits your hellwing!
The centaur warrior wields a longbow.
The centaur warrior shoots an arrow.
The arrow misses you.
You see here an arrow.
Items here: ) == [ an uncursed ring of loudness; a -2 ring of strength; a +0 shield; a +0 war axe You see here a mace.
The centaur warrior wields a longbow.
The centaur warrior shoots an arrow.
The arrow hits you!!
You die...

..# #....# #.####* , *
..########....####.####... ,
..................(.......
..#####.##########.####... *
..#*#≈#.# #......#.# *,,,,,, *
..##≈≈≈.# #......#(########## *
..#≈≈≈≈≈# #......)))........#
..≈≈≈≈≈≈≈ ######..)....^....#
#≈≈≈≈≈≈≈≈ ** #@...........#
≈≈≈≈≈≈≈≈≈≈≈# #............#
.≈≈≈≈≈≈≈≈≈≈# #............#
.#≈≈≈≈≈≈≈≈≈# #............#
..≈≈≈≈≈≈≈≈≈# #............####
#.#≈≈≈≈≈≈≈≈#####...............##
#.##≈≈≈≈≈≈≈#...c.......#######..#
#..##≈≈≈≈≈##.##........# #.#
##.###≈≈)###.##........# #.#


You could see a centaur warrior.

Vanquished Creatures
  Erica (D:10)
  A hill giant (D:11)
  A gargoyle (D:11)
  A two-headed ogre (D:10)
  A blink frog (D:10)
  Sigmund (D:2)
  19 yaks
  A human (D:7)
  A hippogriff (D:9)
  A hungry ghost (D:10)
  A mottled dragon (D:9)
  2 water moccasins
  5 orc warriors
  4 sky beasts
  A black bear (D:8)
  5 phantoms
  7 ice beasts
  2 ogres
  A centaur (D:7)
  5 big kobolds
  4 giant frogs
  3 scorpions
  A water moccasin skeleton (D:10)
  5 killer bees (D:10)
  10 wights
  2 electric eels (D:11)
  A centaur zombie (D:5)
  A howler monkey (D:6)
  3 crimson imps
  A quasit (D:9)
  A hound (D:4)
  2 orc priests
  A giant frog skeleton (D:6)
  2 centaur skeletons
  6 iguanas
  Ijyb (D:2)
  12 orc wizards
  5 worker ants
  3 sheep (D:7)
  A big kobold zombie (Ossuary)
  8 mummies (Ossuary)
  2 howler monkey zombies
  A worker ant zombie (D:6)
  10 adders
  4 shadow imps
  3 adder zombies
  An adder skeleton (D:6)
  5 worms
  A dart slug (D:3)
  5 giant geckos
  34 orcs
  2 ball pythons (D:2)
  7 bats
  2 giant cockroaches (D:1)
  13 hobgoblins
  6 jackals
  30 kobolds
  6 quokkas
  A giant gecko skeleton (D:4)
  6 giant newts
  2 gnoll zombies (Ossuary)
  3 goblins
  A hobgoblin zombie (Ossuary)
  A jackal zombie (D:5)
  2 kobold zombies (Ossuary)
  2 orc zombies (Ossuary)
  14 rats
298 creatures vanquished.

Vanquished Creatures (collateral kills)
  A deep elf knight (D:11)
1 creature vanquished.

Vanquished Creatures (others)
  A hydra (D:9)
  An orc wizard (D:6)
2 creatures vanquished.

Grand Total: 301 creatures vanquished

Notes
Turn   | Place    | Note
--------------------------------------------------------------
     0 | D:1      | spiff the Deep Dwarf Fighter began the quest for the Orb.
     0 | D:1      | Reached XP level 1. HP: 20/20 MP: 1/1
    36 | D:1      | Reached XP level 2. HP: 22/27 MP: 2/2
   595 | D:1      | Reached XP level 3. HP: 20/33 MP: 3/3
   992 | D:2      | Found a burning altar of Makhleb.
   992 | D:2      | Noticed Sigmund
  1024 | D:2      | Killed Sigmund
  1024 | D:2      | Reached XP level 4. HP: 33/40 MP: 4/4
  1024 | D:2      | Reached XP level 5. HP: 38/46 MP: 5/5
  1031 | D:2      | Became a worshipper of Makhleb the Destroyer
  1238 | D:2      | Found a shimmering altar of Xom.
  1241 | D:2      | Found a shimmering altar of Xom.
  1244 | D:2      | Found a shimmering altar of Xom.
  1248 | D:2      | Found a shimmering altar of Xom.
  1377 | D:2      | Noticed Ijyb
  1393 | D:2      | Killed Ijyb
  1742 | D:3      | Reached * piety under Makhleb
  1745 | D:3      | Reached XP level 6. HP: 38/55 MP: 6/6
  1832 | D:3      | Found a shattered altar of Ashenzari.
  2679 | D:4      | Reached ** piety under Makhleb
  3031 | D:4      | Reached XP level 7. HP: 55/61 MP: 7/7
  3113 | D:5      | Entered Level 5 of the Dungeon
  3113 | D:5      | Found a sand-covered staircase.
  3136 | Ossuary  | Entered an ossuary
  3351 | D:5      | Reached *** piety under Makhleb
  3389 | D:5      | Found a staircase to the Ecumenical Temple.
  3437 | Temple   | Entered the Ecumenical Temple
  3785 | D:5      | Reached skill level 10 in Axes
  3949 | D:6      | Found a sparkling altar of Nemelex Xobeh.
  4000 | D:6      | Found a snail-covered altar of Cheibriados.
  4026 | D:6      | Found a shimmering altar of Xom.
  4026 | D:6      | Noticed an angel
  4038 | D:6      | Found a glowing silver altar of Zin.
  4156 | D:6      | Reached XP level 8. HP: 31/68 MP: 8/8
  4437 | D:6      | Reached skill level 5 in Fighting
  4671 | D:6      | Reached **** piety under Makhleb
  4977 | D:6      | Gained mutation: You passively map the area around you. [Deep Dwarf growth]
  4977 | D:6      | Reached XP level 9. HP: 62/85 MP: 9/9
  5922 | D:8      | Reached ***** piety under Makhleb
  6158 | D:8      | Reached skill level 10 in Fighting
  6158 | D:8      | Reached XP level 10. HP: 30/102 MP: 9/9
  6171 | D:8      | Identified Qeb Uwiv's Tome of Intoxication
  6422 | D:9      | Reached skill level 1 in Dodging
  6536 | D:9      | Got an ancient turquoise ring
  6538 | D:9      | Identified the ring of Defoni {SustAt rElec rF++ MP+9 Str-2} (You found it on level 9 of the Dungeon)
  6626 | D:9      | Reached skill level 5 in Dodging
  6722 | D:9      | Found an oddly glowing altar of Pakellas.
  6722 | D:9      | Noticed a four-headed hydra
  6742 | D:9      | Killed a four-headed hydra
  6802 | D:9      | Found a white marble altar of Elyvilon.
  7044 | D:10     | Entered Level 10 of the Dungeon
  7152 | D:10     | Found Inoen's Armour Boutique.
  7305 | D:10     | Found a staircase to the Lair.
  7404 | D:10     | Noticed Erica
  7413 | D:10     | Killed Erica
  7413 | D:10     | Reached skill level 10 in Dodging
  7413 | D:10     | Reached XP level 11. HP: 76/108 MP: 10/10
  7823 | D:10     | Reached ****** piety under Makhleb
  8132 | D:11     | Noticed a hill giant
  8142 | D:11     | Killed a hill giant
  8142 | D:11     | Reached skill level 5 in Armour
  8368 | D:11     | Noticed a deep elf knight
  8407 | D:11     | Killed a deep elf knight
  8416 | D:11     | Noticed a centaur warrior
  8430 | D:11     | Noticed a centaur warrior
  8454 | D:11     | Shot with an arrow by a centaur warrior

Skill      XL: |  1  2  3  4  5  6  7  8  9 10 11 |
---------------+----------------------------------+-----
Axes           | 3 6 8 10 11 | 11.4
Fighting       | 6 10 | 10.0
Dodging        | 10 11 | 11.0
Armour         | 5 |  5.2
Shields        | |  3.2

Action                   |  1- 3 |  4- 6 |  7- 9 | 10-12 || total
-------------------------+-------+-------+-------+-------++-------
Melee: War axe           |   127 |   264 |   195 |       ||   586
       Battleaxe         |       |       |   220 |   403 ||   623
Throw: Tomahawk          |       |       |     6 |     5 ||    11
Invok: Lesser Servant of |       |       |       |     2 ||     2
 Abil: Device Recharging |       |       |     1 |     2 ||     3
Evoke: Wand              |     4 |     1 |    13 |    18 ||    36
  Use: Potion            |     1 |       |     1 |       ||     2
       Scroll            |       |    11 |     6 |     4 ||    21
  Eat: Chunk             |     1 |     7 |    10 |     9 ||    27
       Bread ration      |       |       |       |     1 ||     1
       Fruit             |       |       |       |     1 ||     1
Armor: Scale mail        |    57 |   109 |       |    51 ||   217
       Chain mail        |       |     1 |       |       ||     1
       Ring mail         |       |     3 |   144 |   119 ||   266
Dodge: Dodged            |    25 |    76 |   162 |   288 ||   551
Block: Shield            |    70 |   130 |    76 |       ||   276
